 Dungeon Crawl Stone Soup version 0.31.0-9-g3a7656b989 (webtiles) character file.

Game seed: 13606466610454013215

325 qw the Skirmisher (level 6, -2/35 HPs)
             Began as a Deep Elf Hunter on Feb 2, 2024.
             Was an Initiate of Okawaru.
             Slain by a gnoll
             ... wielding a +0 spear
              (8 damage)
             ... on level 4 of the Dungeon.
             The game lasted 00:00:15 (3037 turns).

qw the Skirmisher (Deep Elf Hunter)                 Turns: 3037, Time: 00:00:16

Health: -2/35      AC:  6    Str: 10    XL:     6   Next: 24%
Magic:  8/8        EV: 11    Int: 14    God:    Okawaru [......]
Gold:   123        SH:  0    Dex: 18    Spells: 5/5 levels left

rFire   . . .        a - +0 shortbow
rCold   . . .        (shield currently unavailable)
rNeg    + . .        d - +0 ring mail
rPois   .            b - +0 helmet
rElec   .            (no cloak)
rCorr   .            (no gloves)
SInv    .            (no boots)
Will    .....        (no amulet)
Stlth   +            n - ring of positive energy
HPRegen 0.25/turn    (no ring)
MPRegen 0.11/turn

%: no passive effects
@: about to teleport
A: no striking features
a: Renounce Religion


You were on level 4 of the Dungeon.
You worshipped Okawaru.
Okawaru was noncommittal.
You visited 2 branches of the dungeon, and saw 5 of its levels.

You collected 123 gold pieces.


   Skills:
 - Level 2.0 Fighting
 + Level 9.8 Ranged Weapons
 - Level 2.4 Dodging
 - Level 1.2 Stealth


You had 5 spell levels left.
You didn't know any spells.
Your spell library was empty.

Inventory:

Hand Weapons
 a - a +0 shortbow (weapon)
Armour
 b - a +0 helmet (worn)
 d - a +0 ring mail (worn)
Jewellery
 c - a ring of fire
 n - a ring of positive energy (left hand)
Wands
 i - a wand of polymorph (4)
Scrolls
 e - a scroll of teleportation
Potions
 f - 2 potions of enlightenment
 g - 4 potions of curing
 h - a potion of ambrosia {unknown}
 j - a potion of attraction {unknown}
 k - a potion of degeneration {unknown}

Dungeon Overview and Level Annotations

Branches:
Dungeon (4/15)             Temple (1/1) D:4

Altars:
Cheibriados
Dithmenos
Elyvilon
Hepliaklqana
Makhleb
Nemelex Xobeh
Okawaru
Qazlal
Ru
Sif Muna
Trog
Uskayaw
Wu Jian
Xom
Yredelemnul
Zin

Shops:
D:3 =


Message History

The kobold throws a stone.
The stone hits you but does no damage. The gnoll closely misses you.
You shoot an arrow. The arrow hits the gnoll.
The gnoll is moderately wounded.
The gnoll hits you from afar with a +0 spear.
You shoot an arrow. The arrow misses the kobold.
The arrow hits the gnoll but does no damage.
The kobold closely misses you. The gnoll hits you but does no damage.
You shoot an arrow. The arrow barely misses the kobold.
The arrow hits the gnoll.
The gnoll is heavily wounded.
The kobold hits you with a +0 club.
The gnoll hits you from afar with a +0 spear!
The kobold closely misses you. The gnoll hits you but does no damage.
You shoot an arrow.
The arrow hits the kobold but does no damage.
The kobold closely misses you. The gnoll closely misses you.
You shoot an arrow. The arrow hits the kobold!
You kill the kobold!
Okawaru accepts your kill.
The gnoll hits you from afar with a +0 spear.
You shoot an arrow. The arrow hits the gnoll.
The gnoll is almost dead.
The gnoll hits you with a +0 flail. The gnoll closely misses you.
You shoot an arrow. The arrow barely misses the gnoll.
The gnoll closely misses you. The gnoll completely misses you.
You shoot an arrow. The arrow hits the gnoll.
The gnoll is almost dead.
The gnoll closely misses you.
The gnoll hits you from afar with a +0 spear.
3036 ||| READING 2 scrolls of teleportation.
As you read the scroll of teleportation, it crumbles to dust.
You feel strangely unstable. The gnoll closely misses you.
The gnoll hits you from afar with a +0 spear.
You shoot an arrow. The arrow hits the gnoll.
You kill the gnoll!
Okawaru accepts your kill.
The gnoll hits you from afar with a +0 spear!
You die...

... ##
.....#
#.#..#
###.#..
..... g..
#)# #@#
#####.##
#......#
#.##...# ##
#.#.......+
+.
#.##...####
## #.##...#
# #.##.#.#
# #.##.#.#
#


You could see a gnoll.

Vanquished Creatures
  A scorpion (D:4)
  An orc priest (D:2)
  A hound (D:3)
  Ijyb (D:3)
  Robin (D:3)
  7 adders
  2 gnolls (D:4)
  A shadow imp (D:3)
  3 ribbon worms
  2 dart slugs
  5 endoplasms
  3 giant cockroaches
  12 goblins
  9 hobgoblins
  3 jackals (D:3)
  5 quokkas
  5 ball pythons
  3 bats
  3 frilled lizards (D:1)
  6 kobolds
  4 rats
78 creatures vanquished.

Notes
Turn   | Place    | Note
-------+----------+-------------------------------------------
     0 | D:1      | qw the Deep Elf Hunter began the quest for the Orb.
     0 | D:1      | Reached XP level 1. HP: 12/12 MP: 3/3
     0 | D:1      | 0 ||| qw: Version: 0.3-a-155-g5e7d8dd
     0 | D:1      | 0 ||| qw: Game counter: 2623
     0 | D:1      | 0 ||| qw: Melee chars always use a shield: true
     0 | D:1      | 0 ||| qw: God list: Okawaru
     0 | D:1      | 0 ||| qw: Allow faded altars: false
     0 | D:1      | 0 ||| qw: Do Orc after clearing Dungeon:15 true
     0 | D:1      | 0 ||| qw: Do second Lair branch before Depths: true
     0 | D:1      | 0 ||| qw: Lair rune preference: random
     0 | D:1      | 0 ||| qw: Goals: Normal
     0 | D:1      | 0 ||| PLANNING D:1-11
   211 | D:1      | Reached XP level 2. HP: 16/16 MP: 4/4
   269 | D:1      | Reached skill level 6 in Ranged Weapons
   872 | D:1      | 872 ||| UPGRADING to +0 ring mail.
   882 | D:1      | 882 ||| DROPPING +0 leather armour.
   883 | D:1      | 883 ||| READING 2 scrolls labelled LEON MALAD.
   883 | D:1      | 883 ||| IDENTIFYING emerald potion
   884 | D:1      | 884 ||| READING scroll of identify.
   884 | D:1      | 884 ||| IDENTIFYING smoky red potion
   885 | D:1      | 885 ||| READING scroll labelled TAP BUSAIG.
   890 | D:1      | 890 ||| DROPPING scroll of butterflies.
   965 | D:2      | Reached XP level 3. HP: 20/20 MP: 5/5
   983 | D:2      | Reached skill level 7 in Ranged Weapons
  1209 | D:2      | Reached XP level 4. HP: 25/25 MP: 6/6
  1246 | D:2      | 1246 ||| FLEEEEING.
  1247 | D:2      | 1247 ||| FLEEEEING.
  1248 | D:2      | 1248 ||| FLEEEEING.
  1249 | D:2      | 1249 ||| FLEEEEING.
  1256 | D:2      | HP: 4/25 [orc priest/+0 whip (4)]
  1257 | D:2      | 1257 ||| READING scroll of teleportation.
  1665 | D:2      | 1665 ||| UPGRADING to ring of positive energy.
  1666 | D:2      | 1666 ||| READING scroll of identify.
  1666 | D:2      | 1666 ||| IDENTIFYING puce potion
  1667 | D:2      | 1667 ||| READING scroll labelled JUKHALL OVYGG.
  1668 | D:2      | 1668 ||| READING scroll labelled UDIKUTITSU.
  1690 | D:3      | Noticed Ijyb
  1690 | D:3      | Found Neneeh's Jewellery Shoppe.
  1703 | D:3      | Killed Ijyb
  1704 | D:3      | Reached skill level 8 in Ranged Weapons
  1722 | D:3      | 1722 ||| SHOPLISTING +5 ring of evasion (504 gold, have
                  | 94).
  1722 | D:3      | 1722 ||| SHOPLISTING amulet of regeneration (420 gold, have
                  | 94).
  1722 | D:3      | 1722 ||| SHOPLISTING ring of ice (350 gold, have 94).
  1722 | D:3      | 1722 ||| SHOPLISTING ring of positive energy (280 gold,
                  | have 94).
  1722 | D:3      | 1722 ||| SHOPLISTING ring of resist corrosion (280 gold,
                  | have 94).
  1722 | D:3      | 1722 ||| SHOPLISTING ring of the Hare {EV+10} (1792 gold,
                  | have 94).
  1722 | D:3      | 1722 ||| SHOPLISTING ring of willpower (350 gold, have 94).
  1826 | D:3      | Reached XP level 5. HP: 24/29 MP: 7/7
  1938 | D:3      | Reached skill level 9 in Ranged Weapons
  1998 | D:3      | Noticed Robin
  2007 | D:3      | Killed Robin
  2010 | D:3      | HP: 6/30 [goblin/+0 dagger[Robin] (2)]
  2011 | D:3      | 2011 ||| READING scroll of teleportation.
  2012 | D:3      | 2012 ||| DRINKING potion of heal wounds.
  2502 | D:3      | 2502 ||| UPGRADING to +0 helmet.
  2507 | D:3      | 2507 ||| READING scroll labelled PUPHOE CIHYCAT.
  2608 | D:3      | 2608 ||| DRINKING 2 fizzy grey potions.
  2609 | D:3      | 2609 ||| FLEEEEING.
  2610 | D:3      | 2610 ||| FLEEEEING.
  2611 | D:3      | 2611 ||| FLEEEEING.
  2612 | D:3      | 2612 ||| FLEEEEING.
  2613 | D:3      | 2613 ||| FLEEEEING.
  2614 | D:3      | 2614 ||| FLEEEEING.
  2615 | D:3      | 2615 ||| FLEEEEING.
  2616 | D:3      | 2616 ||| FLEEEEING.
  2617 | D:3      | 2617 ||| FLEEEEING.
  2618 | D:3      | 2618 ||| FLEEEEING.
  2619 | D:3      | 2619 ||| FLEEEEING.
  2620 | D:3      | 2620 ||| FLEEEEING.
  2621 | D:3      | 2621 ||| FLEEEEING.
  2622 | D:3      | 2622 ||| FLEEEEING.
  2623 | D:3      | 2623 ||| FLEEEEING.
  2624 | D:3      | 2624 ||| FLEEEEING.
  2625 | D:3      | 2625 ||| FLEEEEING.
  2626 | D:3      | 2626 ||| FLEEEEING.
  2627 | D:3      | 2627 ||| FLEEEEING.
  2628 | D:3      | 2628 ||| FLEEEEING.
  2629 | D:3      | 2629 ||| FLEEEEING.
  2630 | D:3      | 2630 ||| FLEEEEING.
  2631 | D:3      | 2631 ||| FLEEEEING.
  2632 | D:3      | 2632 ||| FLEEEEING.
  2633 | D:3      | 2633 ||| FLEEEEING.
  2634 | D:3      | 2634 ||| FLEEEEING.
  2635 | D:3      | 2635 ||| FLEEEEING.
  2636 | D:3      | 2636 ||| FLEEEEING.
  2637 | D:3      | 2637 ||| FLEEEEING.
  2638 | D:3      | 2638 ||| FLEEEEING.
  2639 | D:3      | 2639 ||| FLEEEEING.
  2640 | D:3      | 2640 ||| FLEEEEING.
  2641 | D:3      | 2641 ||| FLEEEEING.
  2642 | D:3      | 2642 ||| FLEEEEING.
  2643 | D:3      | 2643 ||| FLEEEEING.
  2644 | D:3      | 2644 ||| FLEEEEING.
  2645 | D:3      | 2645 ||| FLEEEEING.
  2646 | D:3      | 2646 ||| FLEEEEING.
  2647 | D:3      | 2647 ||| FLEEEEING.
  2648 | D:3      | 2648 ||| FLEEEEING.
  2649 | D:3      | 2649 ||| FLEEEEING.
  2650 | D:3      | 2650 ||| FLEEEEING.
  2651 | D:3      | 2651 ||| FLEEEEING.
  2652 | D:3      | 2652 ||| FLEEEEING.
  2653 | D:3      | 2653 ||| DRINKING 2 bubbling purple potions.
  2654 | D:3      | 2654 ||| DROPPING potion of berserk rage.
  2655 | D:3      | 2655 ||| DROPPING potion of brilliance.
  2672 | D:4      | Found a staircase to the Ecumenical Temple.
  2673 | D:4      | 2673 ||| PLANNING TEMPLE
  2680 | Temple   | Entered the Ecumenical Temple
  2681 | Temple   | 2681 ||| PLANNING OKAWARU WORSHIP
  2684 | Temple   | Became a worshipper of Warmaster Okawaru
  2685 | Temple   | 2685 ||| PLANNING D:1-11
  2763 | D:4      | Reached XP level 6. HP: 14/35 MP: 8/8
  3035 | D:4      | HP: 6/35 [gnoll/+0 spear (5)]
  3036 | D:4      | 3036 ||| READING 2 scrolls of teleportation.
  3037 | D:4      | Slain by a gnoll

Levels and vault maps discovered:
D:1:      mrwooster_arrival_statue, layout_basic, grunt_decor_fettered
D:2:      layout_loops_cross
D:3:      layout_basic, serial_shops, shop, uniq_ijyb, uniq_robin
D:4:      layout_loops_corners, minmay_temple_entry_mist
Temple:   nicolae_temple_x_marks_the_god

Skill      XL: |  1  2  3  4  5 |
---------------+----------------+-----
Ranged Weapons | 6 7 8 9 |  9.8
Fighting       | 2 |  2.0
Dodging        | |  2.4
Stealth        | |  1.2

Action                     |  1- 3 |  4- 6 || total
---------------------------+-------+-------++-------
   Fire: Shortbow          |    76 |   225 ||   301
    Use: Scroll            |     3 |     7 ||    10
         Potion            |       |     3 ||     3
 Armour: Leather armour    |    15 |       ||    15
         Ring mail         |     6 |    98 ||   104
         Skin              |       |     9 ||     9
  Dodge: Dodged            |    12 |    81 ||    93

Table legend:
 A = Non-vault XP
 B = Vault XP
 C = Vault XP percentage of total XP
 D = Non-vault monster count
 E = Vault monster count
 F = Vault count percentage of total count
                 A         B        C        D         E       F
            +---------+---------+-------+---------+---------+-------
      Total |     407 |      72 |  15.0 |      65 |      13 |  16.7
            +---------+---------+-------+---------+---------+-------
        D:1 |      34 |       0 |   0.0 |      21 |       0 |   0.0
        D:2 |      89 |       0 |   0.0 |      13 |       0 |   0.0
        D:3 |     151 |      72 |  32.3 |      23 |      13 |  36.1
        D:4 |     133 |       0 |   0.0 |       8 |       0 |   0.0
            +---------+---------+-------+---------+---------+-------
